 Dungeon Crawl Stone Soup version 0.25.1-4-g9407a263a5 (console) character file.

Game seed: 2768897698020141673

1568 Kagalorn the Cruncher (level 9, -6/61 HPs)
             Began as a Human Gladiator on Nov 28, 2020.
             Mangled by a wraith (7 damage)
             ... summoned by an orc priest
             ... on level 6 of the Dungeon.
             The game lasted 00:10:34 (5875 turns).

Kagalorn the Cruncher (Human Gladiator)             Turns: 5875, Time: 00:10:35

Health: -6/61      AC: 11    Str: 18    XL:     9   Next: 13%
Magic:  9/9        EV: 12    Int:  9    God:
Gold:   288        SH:  0    Dex: 14    Spells: 8/8 levels left

rFire    + . .     SeeInvis .   a - +0 quarterstaff
rCold    . . .     Gourm    .   (shield currently unavailable)
rNeg     . . .     Faith    .   A - +2 chain mail {rF+}
rPois    .         Spirit   .   c - +0 helmet
rElec    .         Reflect  .   (no cloak)
rCorr    .         Harm     .   (no gloves)
MR       +....                  (no boots)
Stlth    ..........             (no amulet)
HPRegen  0.20/turn              y - ring of protection from magic
MPRegen  0.11/turn              l - +4 ring of evasion

@: lethally poisoned (-6 -> -29), slowed, lightly drained, very slow
A: no striking features
a: no special abilities


You were on level 6 of the Dungeon.
You were not hungry.

You visited 1 branch of the dungeon, and saw 6 of its levels.

You collected 338 gold pieces.
You spent 50 gold pieces at shops.

Inventory:

Hand Weapons
 a - a +0 quarterstaff (weapon)
 b - the +1 hunting sling of the Moth {venom, rF- Str+4}
   (You found it on level 4 of the Dungeon)

   It poisons the ammo it fires.
   It affects your strength (+4).
   It makes you vulnerable to fire.
Missiles
 e - 265 stones (quivered)
 n - 16 sling bullets
Armour
 c - a +0 helmet (worn)
 A - a +2 chain mail of fire resistance (worn)
Jewellery
 h - an uncursed ring of magical power
 l - a +4 ring of evasion (right hand)
 y - a ring of protection from magic (left hand)
Scrolls
 g - 3 scrolls of fog {unknown}
 m - 3 scrolls of teleportation {unknown}
 o - a scroll of remove curse
 q - 3 scrolls of identify {unknown}
 s - 3 scrolls of enchant armour {unknown}
 v - a scroll of vulnerability {unknown}
 x - a scroll of immolation {unknown}
Potions
 d - 3 potions of curing {unknown}
 j - a potion of cancellation {unknown}
 k - 3 potions of brilliance {unknown}
 p - 2 potions of degeneration {unknown}
 r - 2 potions of might {unknown}
 t - a potion of lignification {unknown}
 u - 2 potions of stabbing {unknown}
 w - a potion of invisibility {unknown}
 z - 2 potions of flight {unknown}
 B - a potion of heal wounds
Comestibles
 f - 6 rations


   Skills:
 - Level 2.0(1.6) Fighting
 * Level 11.1(10.7) Staves
 - Level 2.0(1.6) Throwing
 - Level 3.0(2.6) Dodging


You had 8 spell levels left.
You didn't know any spells.
Your spell library contained the following spells:

 Spells                   Type           Power        Failure   Level  Hunger
 Animate Skeleton         Necr           N/A          100%        1    ##.....
 Pain                     Necr           #...         100%        1    ##.....
 Confusing Touch          Hex            #.......     100%        3    ####...
 Gell's Gravitas          Tloc           #.........   100%        3    ####...
 Vampiric Draining        Necr           #.........   100%        3    ####...
 Animate Dead             Necr           N/A          100%        4    #####..
 Petrify                  Tmut/Erth      #.......     100%        4    #####..
 Agony                    Necr           #.......     100%        5    ######.
 Bolt of Magma            Conj/Fire/Erth #.........   100%        5    ######.
 Iskenderun's Battlesphe  Conj/Chrm      #.......     100%        5    ######.
 Metabolic Englaciation   Hex/Ice        #.........   100%        5    ######.
 Yara's Violent Unravell  Hex/Tmut       #.........   100%        5    ######.
 Iron Shot                Conj/Erth      #.........   100%        6    #######
 Orb of Destruction       Conj           #.........   100%        7    #######
 Spellforged Servitor     Conj/Summ      #.........   100%        7    #######


Dungeon Overview and Level Annotations

Branches:
Dungeon (6/15)
 Temple: D:4-7

Altars:
Cheibriados
Fedhas
Kikubaaqudgha
Qazlal
Ru
Sif Muna
Trog
Uskayaw
Xom
Yredelemnul
The Shining One

Shops:
D:6 %=(*


Message History

You hit the orc priest.
The orc priest is almost dead.
You feel sick. The water moccasin barely misses you. The scorpion stings you.
* * * LOW HITPOINT WARNING * * *
The orc priest hits you with a +0 club.
* * * LOW HITPOINT WARNING * * *
The wraith hits you!
* * * LOW HITPOINT WARNING * * *
The wraith drains your vigour!
You feel as though you will be slow longer.
The water moccasin barely misses you.
You aren't carrying any items that you can evoke.
You hit the orc priest but do no damage.
The orc priest is almost dead.
* * * LOW HITPOINT WARNING * * *
You feel sick. The scorpion stings you!
* * * LOW HITPOINT WARNING * * *
You are more poisoned.
The scorpion poisons you! The wraith hits you!
You die...

##...## #........# ##.##
#####.#### #.# ####.##### # #.#
#.# #........# # #.# ##'##
#.##.###.# # #.# ##...## #.##..##
# # #.## ##.....## #.#....#.# #
#..## ##..so...###..._....##
#####...####....@....#.._.......#
.)[).....))'...W.S...'..........#
.###....####.........#._..⌠.._..#
.# #.#>## ##.......##.........##
.# #...# ##.....###......_..# ##
#.### ##..>## ##..._....#
##.####### ##'## ##....####
##.#......# #.# #..###
##.###.###.# #.# #.##


You could see a wraith (summoned), a water moccasin (summoned), a scorpion
(summoned) and an orc priest.

Vanquished Creatures
  2 black bears
  An ice beast (D:6)
  A sky beast (D:6)
  A phantom (D:4)
  An orc warrior (D:6)
  A centaur (D:5)
  2 bullfrogs (D:6)
  2 scorpions
  A howler monkey (D:6)
  A bullfrog zombie (D:5)
  2 crimson imps
  A hound (D:6)
  An orc priest (D:6)
  A gnoll shaman (D:6)
  8 orc wizards
  Terence (D:2)
  A hound zombie (D:6)
  9 gnolls
  3 adders
  An ooze (D:6)
  2 adder skeletons
  A worm (D:2)
  3 leopard geckos
  22 orcs
  5 bats
  6 giant cockroaches
  7 goblins
  3 hobgoblins
  A jackal (D:2)
  11 kobolds
  4 quokkas
  5 frilled lizards
  10 rats
121 creatures vanquished.

Notes
Turn   | Place    | Note
-------+----------+-------------------------------------------
     0 | D:1      | Kagalorn the Human Gladiator began the quest for the Orb.
     0 | D:1      | Reached XP level 1. HP: 16/16 MP: 1/1
   112 | D:1      | Reached XP level 2. HP: 17/22 MP: 2/2
   835 | D:2      | Reached skill level 4 in Staves
   835 | D:2      | Reached XP level 3. HP: 24/27 MP: 3/3
   913 | D:2      | Noticed Terence
   924 | D:2      | Killed Terence
   924 | D:2      | Reached XP level 4. HP: 33/33 MP: 4/4
  1054 | D:2      | Found a sacrificial altar of Ru.
  1292 | D:2      | Reached skill level 5 in Staves
  1554 | D:3      | Reached XP level 5. HP: 38/38 MP: 5/5
  2204 | D:4      | Noticed a black bear
  2228 | D:4      | Killed a black bear
  2228 | D:4      | Reached skill level 6 in Staves
  2228 | D:4      | Reached XP level 6. HP: 34/44 MP: 6/6
  2562 | D:4      | Got a transparent hunting sling
  2581 | D:4      | Found a snail-covered altar of Cheibriados.
  2688 | D:4      | Noticed a phantom
  2714 | D:4      | Killed a phantom
  2714 | D:4      | Reached skill level 7 in Staves
  2714 | D:4      | Reached XP level 7. HP: 42/50 MP: 7/7
  2892 | D:4      | Found a bloodstained altar of Trog.
  3217 | D:4      | Found a shimmering blue altar of Sif Muna.
  3250 | D:5      | Entered Level 5 of the Dungeon
  3343 | D:5      | Identified the cursed +1 hunting sling of the Moth {venom,
                  | rF- Str+4} (You found it on level 4 of the Dungeon)
  3508 | D:5      | Reached skill level 8 in Staves
  3965 | D:5      | Reached XP level 8. HP: 52/56 MP: 8/8
  3998 | D:5      | Found a blossoming altar of Fedhas.
  4190 | D:6      | Found Ylosieqea's Weapon Emporium.
  4205 | D:6      | Reached skill level 9 in Staves
  4368 | D:6      | Found Uwoawkue's General Store.
  4376 | D:6      | Bought a potion of heal wounds for 50 gold pieces
  4405 | D:6      | Found a shimmering altar of Xom.
  4405 | D:6      | Found a stormy altar of Qazlal.
  4406 | D:6      | Found a basalt altar of Yredelemnul.
  4406 | D:6      | Found a hide-covered altar of Uskayaw.
  4406 | D:6      | Found an ancient bone altar of Kikubaaqudgha.
  4441 | D:6      | Found a glowing golden altar of the Shining One.
  4647 | D:6      | Reached skill level 10 in Staves
  4694 | D:6      | Found Koixutil's Jewellery Shoppe.
  4973 | D:6      | Found Gaefrem's Food Emporium.
  5133 | D:6      | Reached XP level 9. HP: 26/61 MP: 9/9
  5439 | D:6      | Reached skill level 11 in Staves
  5875 | D:6      | HP: 1/61 [scorpion[an orc priest] (7)]
  5875 | D:6      | Mangled by a wraith

Illustrated notes

Levels and vault maps discovered:
D:1:      dpeg_arrival_tiny_b, layout_loops_ring
D:2:      minmay_inner_zag, layout_rooms, glass_columns_a,
          hangedman_glass_teeth, supply_closet_lemuel,
          nicolae_ru_sacrificial_ziggurat, uniq_terence
D:3:      layout_loops_cross, first_ration, minmay_quadrilaterals
D:4:      black_bear_nest_1, layout_loops_corners, cheibriados_altar_1,
          nicolae_overflow_hidden_temple, lemuel_blue_sif_altar
D:5:      corexii_shack_village, layout_basic, fedhas_bush_and_centaur_altar
D:6:      layout_loops_corners, grunt_temple_overflow_open, serial_shops,
          shop_statue, shop, nicolae_shop_trees, shop_statue

Skill      XL: |  1  2  3  4  5  6  7  8  9 |
---------------+----------------------------+-----
Staves         | 4 5 6 7 8 10 11 | 11.1
Fighting       | |  2.0
Throwing       | |  2.0
Dodging        | |  3.0

Action                   |  1- 3 |  4- 6 |  7- 9 || total
-------------------------+-------+-------+-------++-------
Melee: Quarterstaff      |    61 |   150 |   303 ||   514
 Fire: Hunting sling     |       |       |     4 ||     4
Throw: Stone             |       |     3 |       ||     3
  Use: Scroll            |       |       |     2 ||     2
  Eat: Chunk             |       |     5 |     5 ||    10
       Ration            |       |       |     2 ||     2
Armor: Leather armour    |    20 |       |       ||    20
       Chain mail        |     6 |    71 |   119 ||   196
       Ring mail         |     1 |       |       ||     1
Dodge: Dodged            |    45 |    57 |   151 ||   253
